AoeStats
← Brydazi

Arabian Desert

510639494Analyzed
1v1 RM · 8h ago on Oct 1, 2026· 60m 8s· 2 players
Game mode
Random Map
Map size
Tiny (2 player)
Population
200
Speed
Normal
Resources
Standard
Victory
Conquest
Starting age
Dark Age
Ending age
Imperial Age
RankedLock teamsTeams togetherTeam positionsShared explorationLock speedFull tech treeHidden civsTurbo modeCheats
Victory
Defeat
🇺🇸 Inca · United States
1252
+16
🇨🇦 Berbers · Canada
1246
-16
uhtredofbebbanburger
7:46 Loom
10:20 Feudal Age
10:48 Double-Bit Axe
13:03 Horse Collar
16:37 Fletching
24:22 Castle Age
23:54 Gold Mining
25:03 Bodkin Arrow
24:50 Crossbowman
32:49 Thumb Ring
36:17 Ballistics
42:34 Imperial Age
40:22 Padded Archer Armor
43:18 Bracer
44:44 Chemistry
55:09 Wheelbarrow
54:19 Town Watch
57:34 Town Watch
Brydazi
9:15 Feudal Age
9:36 Loom
9:59 Champi Runner
10:41 Horse Collar
10:50 Double-Bit Axe
15:24 Scale Mail Armor
15:50 Horse Collar
20:53 Castle Age
20:06 Forging
20:24 Arson
21:03 Champi Warrior
21:43 Squires
22:43 Chain Mail Armor
24:44 Fletching
37:17 Bodkin Arrow
38:59 Gold Mining
39:10 Heavy Plow
48:59 Imperial Age
50:51 Plate Mail Armor
51:27 Elite Champi Warrior
53:59 Wheelbarrow
55:50 Capped Ram
Connection lost

Rejoining the realm…

Still unreachable

The connection could not be restored.

Session expired

The server has moved on; the page needs a fresh start.